 Dungeon Crawl Stone Soup version 0.29.0-5-ge4962eb29e (webtiles) character file.

Game seed: 7573589963485912783

568 Sobieck the Sneak (level 7, -1/32 HPs)
             Began as a Vine Stalker Earth Elementalist on Aug 29, 2022.
             Slain by Pikel
             ... wielding a +2 whip of flaming
              (4 damage)
             ... on level 3 of the Dungeon.
             The game lasted 00:10:07 (4142 turns).

Sobieck the Sneak (Vine Stalker Earth Elementalist) Turns: 4142, Time: 00:10:08

Health: -1/32      AC:  3    Str: 10    XL:     7   Next: 33%
Magic:  0/11       EV: 12    Int: 17    God:
Gold:   120        SH:  0    Dex: 15    Spells: 3/10 levels left

rFire   . . .      SeeInvis .   a - +2 short sword (venom) {short}
rCold   . . .      Faith    .   (no shield)
rNeg    . . .      Spirit   +   f - +0 robe
rPois   .          Reflect  .   (no helmet)
rElec   .          Harm     .   (no cloak)
rCorr   .          Rampage  .   D - +0 pair of gloves
Will    .....                   (no boots)
Stlth   +++.......              H - amulet of regeneration {@e2}
HPRegen 1.70/turn               (no ring)
MPRegen 0.12/turn               (no ring)

@: no status effects
A: fangs 2, regeneration 1, magic shield, antimagic bite, no potion heal 2
a: no special abilities


You were on level 3 of the Dungeon.
You visited 1 branch of the dungeon, and saw 6 of its levels.

You collected 120 gold pieces.


Innate Abilities, Weirdness & Mutations

You have extremely sharp teeth.
Your natural rate of healing is unusually fast.
When hurt, damage is shared between your health and your magic reserves.
Your bite disrupts and absorbs the magic of your enemies.
Potions cannot restore your health.


   Skills:
 * Level 4.5 Short Blades
 - Level 1.5 Dodging
 + Level 5.5 Stealth
 - Level 2.1 Spellcasting
 - Level 1.0 Transmutations
 + Level 5.0 Earth Magic


You had 3 spell levels left.
You knew the following spells:

 Your Spells              Type           Power      Damage    Failure   Level
a - Sandblast             Erth           36%        2d10      2%          1
b - Passwall              Tmut/Erth      10%        N/A       9%          2
c - Petrify               Tmut/Erth      12%        N/A       50%         4

Your spell library contained the following spells:

 Spells                   Type           Power      Damage    Failure   Level
 Apportation              Tloc           2%         N/A       19%         1
 Stone Arrow              Conj/Erth      20%        3d8       21%         3
 Inner Flame              Hex/Fire       1%         N/A       50%         3
 Cause Fear               Hex            0%         N/A       88%         4
 Alistair's Intoxication  Tmut/Pois      2%         N/A       99%         5
 Discord                  Hex            0%         N/A       100%        8

Inventory:

Hand Weapons
 a - a +2 short sword of venom (weapon) {short}
   (You found it on level 5 of the Dungeon)
 b - a +2 dagger of speed {short}
   (You took it off an orc on level 5 of the Dungeon)
 e - a +0 club {mace}
   (You took it off a goblin on level 1 of the Dungeon)
 n - a +0 short sword {short}
   (You took it off a kobold on level 2 of the Dungeon)
 o - a +0 short sword of holy wrath {short}
   (You found it on level 3 of the Dungeon)
 r - a +0 dagger {short}
   (You took it off a goblin on level 1 of the Dungeon)
 u - a +0 dagger of venom {short}
   (You found it on level 3 of the Dungeon)
Missiles
 c - 43 stones {throwing}
 A - a boomerang {throwing}
Armour
 f - a +0 robe (worn)
 g - a +0 leather armour
   (You found it on level 1 of the Dungeon)
 q - a +0 ring mail
   (You found it on level 3 of the Dungeon)
 x - a +0 scale mail
   (You found it on level 5 of the Dungeon)
 y - a +0 robe
   (You found it on level 5 of the Dungeon)
 z - a +0 scale mail
   (You found it on level 5 of the Dungeon)
 D - a +0 pair of gloves (worn)
   (You found it on level 4 of the Dungeon)
 I - a +0 chain mail
   (You found it on level 3 of the Dungeon)
 M - a +3 chain mail of poison resistance
   (You took it off Terence on level 2 of the Dungeon)
Jewellery
 H - an amulet of regeneration (around neck) {@e2}
   (You found it on level 3 of the Dungeon)
Wands
 m - a wand of digging (7)
   (You found it on level 2 of the Dungeon)
 w - a wand of paralysis (15)
   (You found it on level 5 of the Dungeon)
 E - a wand of light (4)
   (You found it on level 4 of the Dungeon)
 N - a wand of flame (19)
   (You took it off Natasha on level 2 of the Dungeon)
Scrolls
 s - a scroll of amnesia {unknown}
 t - 3 scrolls of identify {unknown}
 F - a scroll of enchant armour {unknown}
 J - a scroll of fog {unknown}
 K - a scroll of vulnerability {unknown}
Potions
 d - a potion of cancellation {unknown}
 j - a potion of flight {unknown}
 k - 3 potions of curing {unknown}
 p - a potion of might {unknown}
 v - 2 potions of mutation {unknown}
 B - a potion of magic
 C - a potion of heal wounds {unknown}
 G - a potion of haste {unknown}
 L - a potion of berserk rage {unknown}

Dungeon Overview and Level Annotations

Branches:
Dungeon (6/15) Zot: 25543
 Temple: D:4-7

Altars:
Okawaru
Qazlal

Annotations:
D:3 Pikel
D:5 2 transporters

#.#.########.....##......#####
#.#..>........#####......#
#.#.....###.### #.......#
#.#.....# #.# #.......#####
#.#########.### #.......#....
#.#...........####.....###....
#.#.#####..##.......##.###....
#......#>...'.................
###.##.#.####@......##.#####..
#.##.#.# #K#####.##......##
#.##.#.####.# #.##....).#
#.##.#.#....# #.##......##
#....#K#....# ###.##........
######.#....# #...#########.
#.#....###...# #.
#........#...# #.
###......###.# #.


You could see Pikel (very poisoned).


Message History

Unknown command.
You start waiting.
Your surroundings suddenly seem different.
Unknown command.
(D) Dungeon
Where to? (Enter - D:3 @ (x,y), ? - help)
There is an open door here.
There is a stone staircase leading down here.
You climb downwards.
Level annotation: Pikel The adder bites you.
You are poisoned.
The adder poisons you!
A lemure comes into view.
The adder bites you.
You are more poisoned.
The adder poisons you!
There is a stone staircase leading up here.
Danger!
You feel very sick. The adder bites you but does no damage.
Pikel barely misses you.
You climb upwards.
You feel sick.
There is a stone staircase leading down here.
Unknown command.
Unknown command.
You feel sick. The adder barely misses you. x2
The adder attacks as you move away! The adder completely misses you.
Pikel attacks as you move away! Pikel barely misses you.
You feel sick.
Pikel cracks his whip.
Unknown command.
Unknown command.
You feel sick. The adder attacks as you move away! The adder misses you.
You feel sick. The adder bites you.
You are more poisoned.
The adder poisons you!
You feel sick.
You closely miss the adder. Your bite misses the adder.
You feel sick. The adder bites you.
You are more poisoned.
The adder poisons you!
You barely miss the adder. Your bite misses the adder.
You feel sick. The adder bites you but does no damage.
Unknown command.
You closely miss the adder.
You feel sick. The adder bites you.
Unknown command.
You hit the adder.
The adder is poisoned.
You feel sick. The adder closely misses you.
The adder bites you but does no damage.
Unknown command.
The adder attacks as you move away! The adder bites you but does no damage.
You feel sick.
You feel sick.
Unknown command.
You feel sick. The adder bites you.
You are more poisoned.
The adder poisons you!
You feel sick.
You feel sick.
You kill the adder!
You feel sick.
Danger!
You feel sick.
You feel sick.
Press: ? - help, v - describe, . - travel
Here: Pikel, wielding a +2 whip of flaming and wearing a +0 robe The floor.
You feel sick.
Unknown command.
Okay, then.
Unknown command.
Casting: Passwall (safe; 9% risk of failure)
Confirm with . or Enter, or press ? or * to list all spells.
The spell is astonishingly dangerous to miscast (50% risk of failure)!
Continue anyway?
Aiming: Petrify (astonishingly dangerous; 50% risk of failure)
Press: ? - help, Shift-Dir - straight line, f - Pikel
Aim: Pikel, wielding a +2 whip of flaming and wearing a +0 robe (chance to affect: 46%) Pikel resists with some effort.
You feel sick.
Casting: Petrify (astonishingly dangerous; 50% risk of failure)
Confirm with . or Enter, or press ? or * to list all spells.
The spell is astonishingly dangerous to miscast (50% risk of failure)!
Continue anyway?
Aiming: Petrify (astonishingly dangerous; 50% risk of failure)
Press: ? - help, Shift-Dir - straight line, f/p - Pikel
Aim: Pikel, wielding a +2 whip of flaming and wearing a +0 robe (chance to affect: 46%) Pikel resists with some effort.
You feel sick.
You are no longer poisoned.
Unknown command.
You barely miss Pikel.
Pikel hits you with a +2 whip of flaming!
Pikel burns you.
You barely miss Pikel.
Pikel hits you with a +2 whip of flaming!
* * * LOW HITPOINT WARNING * * *
Pikel burns you.
* * * LOW HITPOINT WARNING * * *
Unknown command.
You hit Pikel.
Pikel is poisoned.
Pikel hits you with a +2 whip of flaming!
* * * LOW HITPOINT WARNING * * *
Pikel burns you.
You die...

Skill      XL: |  1  2  3  4  5  6  7 |
---------------+----------------------+-----
Stealth        | 3 4 5 |  5.5
Short Blades   | 1 2 3 4 |  4.5
Earth Magic    | 4 5 |  5.0
Dodging        | |  1.5
Spellcasting   | |  2.1
Transmutations | |  1.0

Action                   |  1- 3 |  4- 6 |  7- 9 || total
-------------------------+-------+-------+-------++-------
Melee: Bite              |    14 |    48 |     4 ||    66
       Unarmed           |     1 |       |       ||     1
       Dagger            |    37 |    69 |     1 ||   107
       Short sword       |       |    84 |    21 ||   105
 Cast: Sandblast         |    33 |     9 |       ||    42
       Passwall          |     1 |       |     1 ||     2
       Petrify           |       |       |     2 ||     2
  Use: Scroll            |       |       |     3 ||     3
 Stab: Sleeping          |     4 |     4 |     2 ||    10
Armor: Robe              |     7 |    21 |     8 ||    36
Dodge: Dodged            |    22 |    88 |    13 ||   123

Levels and vault maps discovered:
D:1:      heliophobic_arrival_henge, layout_basic,
          shapermc_ecumenical_altar_starsandcircs
D:2:      layout_loops_cross, uniq_terence, uniq_natasha
D:3:      layout_basic, overflow_temple_1_default
D:4:      layout_cave_pools, okawaru_gym_becter, uniq_pikel
D:5:      layout_rooms, temple_doors_e, gammafunk_ghost_abyssal_escape,
          uniq_duvessa, uniq_blork_the_orc
D:6:      layout_basic, gup_sewer_entry_pipe

Notes
Turn   | Place    | Note
-------+----------+-------------------------------------------
     0 | D:1      | Sobieck the Vine Stalker Earth Elementalist began the quest
                  | for the Orb.
     0 | D:1      | Reached XP level 1. HP: 9/9 MP: 4/4
   144 | D:1      | Reached XP level 2. HP: 7/13 MP: 0/6
   287 | D:1      | Reached skill level 3 in Stealth
   670 | D:1      | Learned a level 2 spell: Passwall
   747 | D:1      | Reached XP level 3. HP: 16/16 MP: 7/7
   830 | D:1      | Reached skill level 1 in Short Blades
  1098 | D:1      | Found a faded altar of an unknown god.
  1520 | D:2      | Noticed Natasha
  1653 | D:2      | Killed Natasha
  1654 | D:2      | Gained mutation: Your natural rate of healing is unusually
                  | fast. [Vine Stalker growth]
  1654 | D:2      | Reached XP level 4. HP: 14/21 MP: 4/8
  1730 | D:2      | Noticed Terence
  1784 | D:2      | Noticed Natasha
  1788 | D:2      | Killed Natasha
  1789 | D:2      | Reached skill level 2 in Short Blades
  1870 | D:2      | Learned a level 4 spell: Petrify
  1910 | D:2      | Noticed a phantom
  2068 | D:3      | Reached skill level 4 in Stealth
  2210 | D:3      | You fall into a shaft and drop 3 floors!
  2260 | D:6      | Reached XP level 5. HP: 24/24 MP: 9/9
  2282 | D:6      | Reached skill level 4 in Earth Magic
  2329 | D:5      | Entered Level 5 of the Dungeon
  2350 | D:5      | Found a transporter.
  2357 | D:5      | Reached skill level 3 in Short Blades
  2406 | D:5      | Found a transporter.
  2438 | D:5      | Reached XP level 6. HP: 24/28 MP: 7/10
  2485 | D:5      | Noticed a small abomination
  2559 | D:5      | Noticed a water moccasin
  2570 | D:5      | Killed a water moccasin
  2571 | D:5      | Reached skill level 5 in Stealth
  2749 | D:4      | You pick up a book of Party Tricks and begin reading...
  2749 | D:4      | You add the spells Apportation and Alistair's Intoxication
                  | to your library.
  2775 | D:4      | Reached skill level 4 in Short Blades
  3032 | D:3      | Found a stormy altar of Qazlal.
  3375 | D:2      | Killed Terence
  3376 | D:2      | Reached XP level 7. HP: 24/32 MP: 3/11
  3766 | D:2      | Noticed Natasha
  3771 | D:2      | Killed Natasha
  4062 | D:3      | You pick up a book of Hexes and begin reading...
  4062 | D:3      | You add the spells Inner Flame, Cause Fear and Discord to
                  | your library.
  4083 | D:4      | Found an iron altar of Okawaru.
  4092 | D:4      | Reached skill level 5 in Earth Magic
  4095 | D:4      | Noticed Pikel
  4142 | D:3      | HP: 3/32 [Pikel/+2 whip of flaming (10)]
  4142 | D:3      | Slain by Pikel

Vanquished Creatures
  A water moccasin (D:5)
  A phantom (D:2)
  2 hounds (D:5)
  A jelly (D:6)
  Natasha (thrice) (D:2)
  Terence (D:2)
  An iguana (D:6)
  8 adders
  3 gnolls (D:5)
  A worm (D:2)
  2 dart slugs
  An orc (D:5)
  4 endoplasms
  10 giant cockroaches
  9 hobgoblins
  2 kobolds
  5 quokkas
  3 ball pythons
  2 bats (D:2)
  5 frilled lizards
  6 goblins
  7 rats
78 creatures vanquished.

Table legend:
 A = Non-vault XP
 B = Vault XP
 C = Vault XP percentage of total XP
 D = Non-vault monster count
 E = Vault monster count
 F = Vault count percentage of total count
                 A         B        C        D         E       F
            +---------+---------+-------+---------+---------+-------
      Total |     732 |      80 |   9.9 |      72 |       6 |   7.7
            +---------+---------+-------+---------+---------+-------
        D:1 |      39 |       0 |   0.0 |      23 |       0 |   0.0
        D:2 |     236 |      72 |  23.4 |      26 |       2 |   7.1
        D:3 |      20 |       0 |   0.0 |       6 |       0 |   0.0
        D:4 |      47 |       0 |   0.0 |       6 |       0 |   0.0
        D:5 |     312 |       0 |   0.0 |       9 |       0 |   0.0
        D:6 |      78 |       8 |   9.3 |       2 |       4 |  66.7
            +---------+---------+-------+---------+---------+-------

Illustrated notes

Table legend:
 A = Kills in this place as a percentage of kills in entire the game.
 B = Kills by you in this place as a percentage of kills by you in the entire game.
 C = Kills by friends in this place as a percentage of kills by friends in the entire game.
 D = Other kills in this place as a percentage of other kills in the entire game.
 E = Experience gained in this place as a percentage of experience gained in the entire game.
 F = Experience gained in this place divided by the number of levels of this place that you have seen.
                   A       B       C       D       E      F
               +-------+-------+-------+-------+-------+----------------------
         Total | 100.0 | 100.0 |   N/A |   N/A | 100.0 | 135.3
       Dungeon | 100.0 | 100.0 |   N/A |   N/A | 100.0 | 135.3
               +-------+-------+-------+-------+-------+----------------------

Table legend: (Time is in decaauts)
 A = Elapsed time spent in this place.
 B = Non-inter-level travel time spent in this place.
 C = Inter-level travel time spent in this place.
 D = Time resting spent in this place.
 E = Time spent auto-exploring this place.
 F = Levels seen in this place.
 G = Mean time per level.
                   A        B        C        D        E       F      G
               +--------+--------+--------+--------+--------+-----+--------+
         Total |   4158 |   3836 |    322 |    427 |   2425 |   6 |  693.0 |
       Dungeon |   4158 |   3836 |    322 |    427 |   2425 |   6 |  693.0 |
               +--------+--------+--------+--------+--------+-----+--------+

Top non-repeatable levels by time:
     D:2: 1370 daAuts
     D:1: 1358 daAuts
     D:3: 828 daAuts
     D:5: 348 daAuts
     D:6: 132 daAuts
     D:4: 120 daAuts
